 Dungeon Crawl Stone Soup version 0.14-a0-2019-gd9bc7f0 (webtiles) character file.

1188 Mitsuki the Covert (level 7, -3/33 HPs)
             Began as a Spriggan Assassin on Jan 19, 2014.
             Was a Follower of Dithmengos.
             Slain by a wight
             ... wielding a +2,+1 trident
              (6 damage)
             ... on Level 6 of the Dungeon.
             The game lasted 00:33:15 (6180 turns).

Mitsuki the Covert (Spriggan Assassin)              Turns: 6180, Time: 00:33:16

HP  -3/33        AC  3     Str  8      XL: 7   Next: 80%
MP  14/14        EV 15     Int 12      God: Dithmengos [*.....]
Gold 284         SH 11     Dex 19      Spells:  0 memorised,  6 levels left

rFire  . . .     SeeInvis +     a - +2 dagger
rCold  . . .     Clarity  .     d - +0 robe
rNeg   . . .     Conserve .     t - +0 buckler
rPois  .         rCorr    .     (helmet restricted)
rElec  .         rRot     .     y - +0 cloak
SustAb . .       Spirit   .     (gloves unavailable)
rMut   .         Warding  .     (boots unavailable)
Saprov . . .     Stasis   .     (no amulet)
MR     +....                    (no ring)
                                o - ring of regeneration

@: wreathed by umbra, drained, very quick, somewhat resistant to hostile
enchantments, uncannily stealthy
A: unfitting armour, see invisible, herbivore 3, speed 3, slow metabolism 2
a: Renounce Religion


You were on level 6 of the Dungeon.
You worshipped Dithmengos.
Dithmengos was aware of your devotion.
You were not hungry.

You visited 2 branches of the dungeon, and saw 8 of its levels.

You collected 284 gold pieces.

Inventory:

Hand weapons
 a - a +2,+2 dagger (weapon)
 b - a +0 blowgun
Missiles
 e - 16 poisoned needles
 f - 2 curare-tipped needles
 k - 4 needles of slowing
Armour
 d - a +0 robe (worn)
 t - a +0 buckler (worn)
 y - a +0 cloak (worn)
Comestibles
 s - 2 bread rations
 x - a pear
 z - a cheese
Scrolls
 g - 2 scrolls of fear {unknown}
 i - a scroll of identify
 l - 2 scrolls of enchant weapon I {unknown}
 m - a scroll of remove curse
 p - a scroll of magic mapping
 w - 2 scrolls of teleportation
Jewellery
 o - a ring of regeneration (left hand)
Potions
 h - 2 potions of heal wounds {unknown}
 j - a potion of agility {unknown}
 q - a potion of lignification {unknown}
 r - a potion of brilliance {unknown}
 u - a potion of degeneration {unknown}
 v - a potion of curing {unknown}
 A - a potion of restore abilities {unknown}


   Skills:
 - Level 1.5(0.8) Fighting
 - Level 2.1(1.4) Short Blades
 - Level 2.1(1.4) Throwing
 - Level 1.5(0.8) Dodging
 + Level 14.2(13.2) Stealth
 + Level 0.1(0.0) Shields


You had 6 spell levels left.
You didn't know any spells.

Dungeon Overview and Level Annotations

Branches:
Dungeon (7/16)             Temple (1/1) D:4

Altars:
Ashenzari
Cheibriados
Dithmengos
Elyvilon
Fedhas
Kikubaaqudgha
Makhleb
Nemelex Xobeh
Okawaru
Sif Muna
Trog
Vehumet
Xom
Yredelemnul
Zin
the Shining One

Annotations:
D:3 Edmund; MirrMurr's ghost, average SpBe


Innate Abilities, Weirdness & Mutations

You are tiny and cannot use many weapons and most armour.
You have supernaturally acute eyesight.
You are a herbivore.
You cover ground extremely quickly.
You need consume almost no food.


Message History

The wight hits you with a trident!
You feel drained.
The helpless wight fails to defend itself.
You skewer the wight like a kebab!!!
You destroy the wight!
Dithmengos accepts your kill.
You are shrouded in an aura of darkness!
Your Stealth skill increases to level 14!
The wight misses you. The wight hits you with a morningstar!
You feel drained.
The wight hits you from afar with a trident!
* * * LOW HITPOINT WARNING * * *
You feel drained.
* * * LOW HITPOINT WARNING * * *
The helpless wight fails to defend itself.
You spit the wight like a pig!!!
You destroy the wight!
Dithmengos accepts your kill. You block the wight's attack.
The wight hits you from afar with a trident.
You die...

######..#######..####..
#..# #..# #.. #..# #..#
#.. #..# #..# #%.
########..# #..# #..
..........# #..# #..
.......)z.# #..####..
#######.z# #........
#@.# #........ #.)#
#..####.. #z.# #..# #..
#..# #..# #.. #..# #..#
#.. #..# #..# #.. #..#
#..# #.. #..# . #.. ...
...


You could see 3 wights.

Vanquished Creatures
  A sky beast (D:5)
  A giant frog (D:5)
  3 wights
  A goliath beetle (D:6)
  4 crimson imps
  A centaur zombie (D:5)
  2 iguanas (D:5)
  An orc wizard (D:5)
  4 worker ants
  Ijyb (D:2)
  2 ogre skeletons
  A hound skeleton (D:4)
  3 gnolls
  3 giant mites
  An adder (D:2)
  An inept feature mimic (D:2)
  4 worms
  An iguana zombie (D:5)
  An ooze (D:2)
  10 orcs
  12 bats
  2 giant cockroaches
  11 goblins
  11 hobgoblins
  4 jackals
  9 kobolds
  3 quokkas
  A giant gecko (D:3)
  3 giant newts
  A kobold zombie (D:5)
  A quokka zombie (D:5)
  11 rats
115 creatures vanquished.

Vanquished Creatures (others)
  A giant spore (D:7)
1 creature vanquished.

Grand Total: 116 creatures vanquished

Notes
Turn   | Place    | Note
--------------------------------------------------------------
     0 | D:1      | Mitsuki, the Spriggan Assassin, began the quest for the Orb.
     0 | D:1      | Reached XP level 1. HP: 10/10 MP: 2/2
    20 | D:1      | Reached skill level 6 in Stealth
   232 | D:1      | Reached XP level 2. HP: 11/14 MP: 4/4
   394 | D:1      | Reached skill level 7 in Stealth
   575 | D:1      | Reached XP level 3. HP: 18/18 MP: 6/6
  1192 | D:1      | Reached skill level 8 in Stealth
  1744 | D:2      | Noticed Ijyb
  1765 | D:2      | Reached XP level 4. HP: 22/22 MP: 8/8
  1786 | D:2      | Killed Ijyb
  2014 | D:2      | Reached skill level 9 in Stealth
  2317 | D:3      | Noticed MirrMurr's ghost (average SpBe)
  2366 | D:4      | Noticed Edmund
  2593 | D:4      | Found a staircase to the Ecumenical Temple.
  2600 | Temple   | Entered the Ecumenical Temple
  3300 | D:5      | Entered Level 5 of the Dungeon
  3372 | D:5      | Reached skill level 10 in Stealth
  3372 | D:5      | Reached XP level 5. HP: 17/25 MP: 10/10
  3473 | D:5      | Found a radiant altar of Vehumet.
  3473 | D:5      | Found a burning altar of Makhleb.
  3475 | D:5      | Found a basalt altar of Yredelemnul.
  3480 | D:6      | Noticed an ogre
  3716 | D:6      | Noticed a sky beast
  3778 | D:6      | Found a shadowy altar of Dithmengos.
  3786 | D:6      | Reached skill level 11 in Stealth
  3786 | D:6      | Reached XP level 6. HP: 30/30 MP: 12/12
  3787 | D:6      | Became a worshipper of Dithmengos
  4737 | D:5      | Noticed a sky beast
  4751 | D:5      | Noticed a giant frog
  4756 | D:5      | Killed a giant frog
  4770 | D:5      | Reached skill level 12 in Stealth
  5051 | D:5      | Killed a sky beast
  5051 | D:5      | Reached XP level 7. HP: 33/33 MP: 14/14
  5327 | D:5      | Noticed an ice beast
  5335 | D:5      | Reached skill level 13 in Stealth
  5402 | D:5      | HP: 1/33 [ice beast (14)]
  6044 | D:7      | Noticed a hippogriff
  6176 | D:6      | Reached skill level 14 in Stealth
  6180 | D:6      | Slain by a wight

Action                   |  1- 3 |  4- 6 |  7- 9 || total
-------------------------+-------+-------+-------++-------
Melee: Dagger            |   112 |   285 |   165 ||   562
 Fire: Blowgun           |    15 |    52 |    20 ||    87
  Use: Scroll            |     1 |     5 |     1 ||     7
       Potion            |       |     1 |       ||     1
 Stab: Sleeping          |    13 |    18 |     3 ||    34
       Distracted        |     1 |     1 |     1 ||     3
